 Dungeon Crawl Stone Soup version 0.21-a0-2-ge494091 (webtiles) character file.

14697 SQman the Spear-Bearer (level 12, -9/77 HPs)
             Began as a Tengu Berserker on May 21, 2017.
             Was a High Priest of Trog.
             Mangled by a jumping spider (16 damage)
             ... on level 3 of the Lair of Beasts.
             The game lasted 01:03:22 (11103 turns).

SQman the Spear-Bearer (Tengu Berserker)           Turns: 11103, Time: 01:03:23

Health: -9/77      AC: 14    Str: 24    XL:     12   Next: 19%
Magic:  0/5        EV: 17    Int:  8    God:    Trog [*****.]
Gold:   726        SH: 15    Dex: 15    Spells: 11/11 levels left

rFire    . . .     SeeInvis .   c - +3 trident (antimagic)
rCold    . . .     Gourm    .   e - +0 shield
rNeg     . . .     Faith    .   v - +4 ring mail of Springtime {+Blink}
rPois    .         Spirit   +   (helmet restricted)
rElec    .         Reflect  .   d - +1 cloak
rCorr    .         Harm     .   (no gloves)
MR       ++...                  (boots unavailable)
Stlth    +++.......             x - amulet of guardian spirit
Regen    1.7/turn               h - +2 ring of evasion
MPRegen  0.1/turn               w - +3 ring of strength

@: regenerating, slowed, very slow
A: beak, talons 3, large bone plates 1, rugged brown scales 1, camouflage 1,
regeneration 1, able to fly 1
a: Fly, Berserk, Trog's Hand, Brothers in Arms, Burn Spellbooks, Renounce
Religion, Evoke Blink


You were on level 3 of the Lair of Beasts.
You worshipped Trog.
Trog was extremely pleased with you.
You were near starving.

You visited 3 branches of the dungeon, and saw 14 of its levels.

You collected 726 gold pieces.

Inventory:

Hand Weapons
 c - a +3 antimagic trident (weapon)
 g - a +3 spear of freezing
Missiles
 p - 17 javelins (quivered)
Armour
 d - a +1 cloak (worn)
 e - a +0 shield (worn)
 u - a +0 buckler
 v - the +4 ring mail of Springtime (worn) {+Blink}
   (You found it on level 4 of the Dungeon)

   It lets you blink.
Magical Staves
 B - an uncursed staff of power {unknown}
Jewellery
 h - a +2 ring of evasion (left hand)
 n - an uncursed ring of see invisible {unknown}
 o - an uncursed ring of ice
 w - a +3 ring of strength (right hand)
 x - an amulet of guardian spirit (around neck)
 A - a cursed ring of teleportation {unknown}
Wands
 b - a wand of flame (22/48)
 k - a wand of random effects (28/48)
 l - a wand of random effects (31/48)
 G - a wand of iceblast (8/15)
 J - a wand of disintegration (0/24)
 N - a wand of iceblast (1/15)
 O - a wand of paralysis (11/24)
 Q - a wand of lightning (7/15)
Scrolls
 m - 9 scrolls of teleportation
 y - 3 scrolls of recharging
 H - a scroll of fog
 L - 3 scrolls of remove curse
Potions
 f - a potion of might
 q - a potion of magic {unknown}
 s - 4 potions of curing
 t - a potion of agility
 z - a potion of berserk rage {unknown}
 I - 2 potions of lignification
Comestibles
 a - 5 chunks of flesh
 i - 2 royal jellies
 j - 3 meat rations
 r - 8 bread rations
 D - 16 fruits


   Skills:
 + Level 8.9 Fighting
 + Level 12.3 Polearms
 + Level 1.2 Throwing
 + Level 8.2 Armour
 + Level 8.5 Dodging
 + Level 3.5 Stealth
 + Level 7.5 Shields
 + Level 2.7 Evocations


You had 11 spell levels left.
You didn't know any spells.

Dungeon Overview and Level Annotations

Branches:
Dungeon (10/15)            Temple (1/1) D:7            Lair (3/6) D:10
 Spider (0/4) Lair:3
  Swamp: Lair:2-4    Shoals: Lair:2-4       Orc: D:9-12

Altars:
Ashenzari
Cheibriados
Dithmenos
Elyvilon
Fedhas
Gozag
Hepliaklqana
Kikubaaqudgha
Makhleb
Nemelex Xobeh
Okawaru
Qazlal
Ru
Sif Muna
Trog
Uskayaw
Vehumet
Wu Jian
Xom
Yredelemnul
Zin
The Shining One

Shops:
D:9 :


Innate Abilities, Weirdness & Mutations

You have a beak for a mouth.
You have claws for feet.
You can fly.
You are partially covered in large bone plates. (SH +4)
You are partially covered in rugged brown scales. (AC +1, +3% HP)
Your skin changes colour to match your surroundings (Stealth+).
Your natural rate of healing is unusually fast.


Message History

You feel quite a bit more hungry. You block the jumping spider's attack.
The jumping spider bites you but does no damage.
The jumping spider pounces on you!
* * * LOW HITPOINT WARNING * * *
You block the jumping spider's attack.
The jumping spider leaps! x2
The jumping spider completely misses you.
The jumping spider bites you but does no damage.
The jumping spider leaps!
You pick your way through the web.
The jumping spider leaps!
You block the jumping spider's attack. x2; The jumping spider leaps!
The jumping spider pounces on you.
* * * LOW HITPOINT WARNING * * *
The jumping spider bites you but does no damage.
The jumping spider leaps!
There is a web here.
You hit the jumping spider.
You claw the jumping spider, but do no damage.
The jumping spider is almost dead.
The jumping spider pounces on you!
You die...

......#...####.##
.......##.####..#
..P....##.##...##
.#.(...##.P#..s#
#......##.##.§.##
......###.##....###
.......#P.##..§^..###
..........#####..s..##
........### #.##@s.^.#
......########.##$^^.^#
#.....##P##P.#..#.^....#
...............####..>.#
..###.###...#### #....#
.## ### #.### ##### .
##.# . ##.###..### .
..........#


You could see 3 jumping spiders.

Vanquished Creatures
  A hydra (Lair:2)
  A two-headed ogre (D:8)
  An ugly thing (D:7)
  3 black mambas
  A torpor snail (Lair:3)
  3 spiny frogs
  A rime drake (D:6)
  5 komodo dragons
  A troll (D:10)
  A jumping spider (Lair:3)
  A hornet (D:10)
  4 blink frogs (Lair:3)
  4 hippogriffs
  A spriggan (D:7)
  A redback (Lair:3)
  Sigmund (D:2)
  4 yaks (Lair:3)
  2 wyverns
  2 basilisks (Lair:1)
  An acid dragon (D:10)
  5 water moccasins
  2 porcupines
  The ghost of Lexie the Firebug, an amateur DEFE (D:4)
  2 sky beasts
  An ice beast (D:5)
  An orc warrior (D:7)
  A black bear (D:7)
  An ogre (D:7)
  2 phantoms (D:8)
  7 wolves
  5 centaurs
  A crocodile (Lair:2)
  Blork the orc (D:4)
  8 bullfrogs
  A water moccasin zombie (D:6)
  A scorpion (D:7)
  17 killer bees
  4 wights (D:7)
  3 electric eels
  A centaur zombie (D:8)
  3 crimson imps
  2 bullfrog zombies (D:9)
  6 hounds
  3 orc priests
  7 orc wizards
  Ijyb (D:3)
  3 iguanas
  2 worker ants
  2 hound skeletons
  2 howler monkey zombies
  2 worker ant zombies
  Robin (D:3)
  12 adders
  4 shadow imps
  2 oozes
  An adder zombie (D:8)
  2 worms (D:3)
  2 adder skeletons
  3 dart slugs
  5 leopard geckos
  24 orcs
  7 giant cockroaches
  14 goblins
  9 hobgoblins
  3 jackals (D:2)
  3 quokkas
  A ball python (D:1)
  5 bats
  4 frilled lizards
  A giant cockroach zombie (D:5)
  8 kobolds
  A leopard gecko skeleton (D:5)
  A quokka skeleton (D:4)
  11 rats
  A butterfly (Lair:1)
  15 fungi
  5 plants
282 creatures vanquished.

Vanquished Creatures (collateral kills)
  2 orc warriors (D:7)
  2 killer bees (D:7)
  An orc priest (D:7)
  2 orcs (D:7)
7 creatures vanquished.

Vanquished Creatures (others)
  A sky beast (D:7)
1 creature vanquished.

Grand Total: 290 creatures vanquished

Notes
Turn   | Place    | Note
-------+----------+-------------------------------------------
     0 | D:1      | SQman the Tengu Berserker began the quest for the Orb.
     0 | D:1      | Reached XP level 1. HP: 14/14 MP: 2/2
   366 | D:1      | Reached XP level 2. HP: 19/19 MP: 3/3
   654 | D:1      | Reached XP level 3. HP: 13/23 MP: 4/4
  1512 | D:2      | Reached skill level 4 in Polearms
  1530 | D:2      | Gained mutation: You evolve. [potion of mutation]
  1530 | D:2      | Gained mutation: You are surrounded by a mild repulsion field. (EV +2) [potion of mutation]
  1593 | D:2      | Reached ** piety under Trog
  1594 | D:2      | Lost mutation: You evolve. [end of evolution]
  1703 | D:2      | Reached XP level 4. HP: 29/29 MP: 5/5
  1763 | D:2      | Found a shadowy altar of Dithmenos.
  1835 | D:2      | Noticed Sigmund
  1846 | D:2      | Killed Sigmund
  1846 | D:2      | Reached skill level 5 in Polearms
  1846 | D:2      | Gained mutation: You can fly. [Tengu growth]
  1846 | D:2      | Reached XP level 5. HP: 12/33 MP: 6/6
  1846 | D:2      | Reached XP level 6. HP: 14/38 MP: 7/7
  2319 | D:3      | Noticed Robin
  2337 | D:3      | Killed Robin
  2337 | D:3      | Reached skill level 6 in Polearms
  2347 | D:3      | Reached *** piety under Trog
  2566 | D:3      | Reached XP level 7. HP: 29/44 MP: 8/8
  2681 | D:3      | Noticed Ijyb
  2700 | D:3      | Killed Ijyb
  2914 | D:3      | Found a blossoming altar of Fedhas.
  3380 | D:4      | Lost mutation: You are surrounded by a mild repulsion field. (EV +2) [potion of mutation]
  3380 | D:4      | Gained mutation: You expend magic power (3 MP) to strengthen your wands. [potion of mutation]
  3380 | D:4      | Gained mutation: You have sharp fingernails. [potion of mutation]
  3380 | D:4      | Gained mutation: Your spells are a little easier to cast, but a little less powerful. [potion of mutation]
  3380 | D:4      | Gained mutation: Your natural rate of healing is unusually fast. [potion of mutation]
  3383 | D:4      | Noticed Lexie's ghost (amateur DEFE)
  3400 | D:4      | Killed Lexie's ghost
  3400 | D:4      | Reached skill level 7 in Polearms
  3520 | D:4      | Noticed Blork the orc
  3530 | D:4      | Killed Blork the orc
  3530 | D:4      | Reached skill level 5 in Fighting
  3667 | D:4      | Got a fine ring mail
  3678 | D:4      | Identified the +4 ring mail of Springtime {+Blink} (You found it on level 4 of the Dungeon)
  3920 | D:5      | Entered Level 5 of the Dungeon
  3939 | D:5      | Reached XP level 8. HP: 49/49 MP: 3/9
  4527 | D:5      | Lost mutation: You expend magic power (3 MP) to strengthen your wands. [potion of mutation]
  4527 | D:5      | Gained mutation: Your body sometimes deteriorates upon taking damage. [potion of mutation]
  4527 | D:5      | Gained mutation: Armour fits poorly on your strangely shaped body. [potion of mutation]
  4527 | D:5      | Gained mutation: You evolve. [potion of mutation]
  4593 | D:5      | Reached skill level 5 in Dodging
  4621 | D:5      | Reached skill level 1 in Stealth
  4621 | D:5      | Reached skill level 1 in Evocations
  4631 | D:5      | Gained mutation: You are partially covered in large bone plates. (SH +4) [mutagenic meat]
  4682 | D:5      | Gained mutation: Your muscles are strong. (Str +2) [mutagenic meat]
  4683 | D:5      | Gained mutation: Your muscles are very strong. (Str +4) [mutagenic meat]
  4830 | D:6      | Reached skill level 8 in Polearms
  4929 | D:6      | Reached **** piety under Trog
  4945 | D:6      | Noticed a rime drake
  4945 | D:6      | an ogre changed into a rime drake
  4954 | D:6      | Killed a rime drake
  4954 | D:6      | Reached skill level 5 in Armour
  4954 | D:6      | Reached skill level 1 in Shields
  4954 | D:6      | Reached XP level 9. HP: 55/55 MP: 10/10
  4964 | D:6      | Lost mutation: You have sharp fingernails. [evolution]
  5241 | D:7      | Found a snail-covered altar of Cheibriados.
  5287 | D:7      | Reached skill level 1 in Throwing
  5391 | D:7      | Noticed a purple ugly thing
  5416 | D:7      | Killed a red ugly thing
  5416 | D:7      | Reached skill level 9 in Polearms
  5458 | D:7      | Gained mutation: You are partially covered in rugged brown scales. (AC +1, +3% HP) [mutagenic meat]
  5660 | D:7      | Found a staircase to the Ecumenical Temple.
  5669 | Temple   | Entered the Ecumenical Temple
  5918 | D:7      | Lost mutation: You evolve. [potion of mutation]
  5918 | D:7      | Lost mutation: Your body sometimes deteriorates upon taking damage. [potion of mutation]
  5918 | D:7      | Lost mutation: Armour fits poorly on your strangely shaped body. [potion of mutation]
  5918 | D:7      | Lost mutation: Your spells are a little easier to cast, but a little less powerful. [potion of mutation]
  5918 | D:7      | Gained mutation: You heal very quickly. [potion of mutation]
  6148 | D:7      | Reached XP level 10. HP: 62/62 MP: 12/12
  6384 | D:8      | Found an ornate altar of the Wu Jian Council.
  6446 | D:8      | Reached skill level 10 in Polearms
  6703 | D:8      | Reached ***** piety under Trog
  6964 | D:8      | Noticed a two-headed ogre
  6978 | D:8      | Killed a two-headed ogre
  7871 | D:9      | Found Emizik's Book Shoppe.
  8079 | D:10     | Entered Level 10 of the Dungeon
  8415 | D:10     | Received a gift from Trog
  8445 | D:10     | Reached skill level 5 in Shields
  8445 | D:10     | Reached XP level 11. HP: 69/70 MP: 13/13
  8502 | D:10     | Found a staircase to the Lair.
  8603 | Lair:1   | Entered Level 1 of the Lair of Beasts
  8915 | Lair:1   | Reached skill level 11 in Polearms
  9514 | Lair:2   | Noticed a four-headed hydra
  9528 | Lair:2   | Killed a four-headed hydra
 10216 | Lair:2   | Lost mutation: Your muscles are very strong. (Str +4) [potion of mutation]
 10216 | Lair:2   | Lost mutation: You heal very quickly. [potion of mutation]
 10216 | Lair:2   | Lost mutation: Your muscles are strong. (Str +2) [potion of mutation]
 10216 | Lair:2   | Gained mutation: Your skin changes colour to match your surroundings (Stealth+). [potion of mutation]
 10637 | Lair:3   | Reached skill level 12 in Polearms
 10648 | Lair:3   | Reached XP level 12. HP: 77/77 MP: 2/15
 11075 | Lair:3   | Found a hole to the Spider Nest.
 11103 | Lair:3   | Mangled by a jumping spider

Vault maps used:
D:1:      dpeg_arrival_circle_labyrinth_a
D:2:      cheibrodos_pilgrimage, grunt_dithmenos_smoke, uniq_sigmund
D:3:      fedhas_altar_3, uniq_robin, uniq_ijyb
D:4:      first_bread, uniq_blork_the_orc
D:6:      corexii_leaking_fountain
D:7:      lemuel_temple_firewalk_a, basic_altar, the_bakery, patterned_corridor
D:8:      lemuel_crystal_altar
D:9:      serial_shops, nicolae_shop_behind_doors
D:10:     erik_lair_island
Temple:   nicolae_temple_the_god_donut
Lair:1:   serial_bayou_shore_a, lemuel_fruit_fields, grunt_megastairs_4,
          lemuel_fruit_fields
Lair:2:   grunt_megastairs_3
Lair:3:   spider_nest_entry_funnel_web

Skill      XL: |  1  2  3  4  5  6  7  8  9 10 11 |
---------------+----------------------------------+-----
Polearms       | 4 5 6 7 8 9 10 12 | 12.3
Fighting       | 4 5 6 7 8 |  8.9
Dodging        | 3 4 5 6 7 8 |  8.5
Armour         | 3 5 6 7 8 |  8.2
Stealth        | 1 2 3 |  3.5
Evocations     | 1 2 |  2.7
Shields        | 1 3 5 7 |  7.5
Throwing       | 1 |  1.2

Action                   |  1- 3 |  4- 6 |  7- 9 | 10-12 || total
-------------------------+-------+-------+-------+-------++-------
Melee: Spear             |    83 |   106 |   412 |   242 ||   843
       Kick              |    23 |    28 |   179 |   252 ||   482
       Peck              |    11 |    15 |   104 |   161 ||   291
       Trident           |       |       |       |   354 ||   354
Throw: Javelin           |       |       |     4 |       ||     4
Invok: Berserk           |     2 |     1 |     2 |     4 ||     9
       Trog's Hand       |       |     2 |     2 |     2 ||     6
       Brothers in Arms  |       |       |     1 |     1 ||     2
       Burn Spellbooks   |       |       |       |     1 ||     1
Evoke: Wand              |       |       |    14 |     9 ||    23
  Use: Scroll            |     5 |     2 |     9 |    11 ||    27
       Potion            |     2 |     1 |     5 |     4 ||    12
 Stab: Sleeping          |     1 |       |     1 |     3 ||     5
       Paralysed         |       |       |     1 |       ||     1
  Eat: Chunk             |     2 |     2 |    12 |     6 ||    22
       Bread ration      |     1 |       |       |     2 ||     3
       Fruit             |       |       |     3 |     1 ||     4
       Meat ration       |       |       |     2 |       ||     2
Armor: Leather armour    |    13 |       |       |       ||    13
       Scale mail        |       |    22 |    23 |       ||    45
       Ring mail         |       |       |    51 |   108 ||   159
Dodge: Dodged            |    46 |   103 |   168 |   315 ||   632
Block: Buckler           |       |       |    52 |   117 ||   169
       Shield            |       |       |       |   187 ||   187
